 Dungeon Crawl Stone Soup version 0.30-a0-652-gcc886f7154 (webtiles) character file.

Game seed: 12609203568982275077

129672 Pooter the Severer (level 16, -16/149 HPs)
             Began as a Minotaur Berserker on Jan 17, 2023.
             Was a High Priest of Trog.
             Demolished by a +2 glaive of flaming (29 damage)
             ... on level 2 of the Elven Halls.
             The game lasted 02:31:35 (39671 turns).

Pooter the Severer (Minotaur Berserker)            Turns: 39671, Time: 02:31:36

Health: -16/149    AC: 26    Str: 29    XL:     16   Next: 51%
Magic:  15/15      EV: 15    Int:  6    God:    Trog [*****.]
Gold:   1215       SH:  5    Dex: 12    Spells: 15/15 levels left

rFire   + . .      SeeInvis +    a - +0 broad axe (heavy)
rCold   . . .      Faith    .    (no shield)
rNeg    . . .      Spirit   .    J - +7 plate armour {rPois}
rPois   +          Reflect  +    (helmet restricted)
rElec   .          Harm     .    Z - +0 cloak
rCorr   .          Rampage  .    d - +1 pair of gloves {Str+3}
Will    +....                    X - +1 pair of boots Stlth
                                 Y - amulet of reflection
HPRegen 0.44/turn                U - ring "Hillil" {rF+ EV+5}
MPRegen 0.14/turn                S - ring of see invisible

@: no status effects
A: horns 2, retaliatory headbutt
a: Renounce Religion, Berserk, Trog's Hand, Brothers in Arms


You were on level 2 of the Elven Halls.
You worshipped Trog.
Trog was extremely pleased with you.
You visited 4 branches of the dungeon, and saw 24 of its levels.
You also visited: Ossuary and Gauntlet.

You collected 2307 gold pieces.
You spent 1092 gold pieces at shops.

Inventory:

Hand Weapons
 a - a +0 heavy broad axe (weapon)
   (You took it off an orc warlord on level 2 of the Orcish Mines)
 b - the +1 triple crossbow of the Screaming Saviour {elec, Will+ Dex+6 Stlth+}
   (You acquired it on level 2 of the Lair of Beasts)

   Dex:       It affects your dexterity (+6).
   Will:      It increases your willpower.
   Stlth:     It makes you more stealthy.
 j - a +4 antimagic executioner's axe
   (Trog gifted it to you on level 15 of the Dungeon)
 C - a +1 heavy trident
   (You found it on level 5 of the Lair of Beasts)
 R - a +4 battleaxe of flaming
   (You acquired it in an ossuary)
Missiles
 w - 4 curare-tipped darts
 K - 15 boomerangs (quivered)
 Q - 16 javelins
 W - 2 boomerangs of dispersal {!f}
Armour
 d - a +1 pair of gloves of strength (worn)
   (You found it on level 5 of the Lair of Beasts)
 J - a +7 plate armour of poison resistance (worn)
   (You took it off an orc warrior on level 2 of the Orcish Mines)
 L - the +5 ring mail of Zibunn {Will+ Dex+9}
   (You found it on level 5 of the Dungeon)

   Dex:       It affects your dexterity (+9).
   Will:      It increases your willpower.
 X - a +1 pair of boots (worn)
   (You bought it in a shop on level 2 of the Orcish Mines)
 Z - a +0 cloak (worn)
   (You found it on level 2 of the Lair of Beasts)
Jewellery
 q - an amulet of magic regeneration
   (You took it off Frances on level 1 of the Elven Halls)
 F - a ring of protection from fire
   (You found it on level 15 of the Dungeon)
 G - an amulet of guardian spirit
   (You found it on level 11 of the Dungeon)
 P - a ring of poison resistance
   (You found it on level 3 of the Lair of Beasts)
 S - a ring of see invisible (right hand)
   (You found it on level 12 of the Dungeon)
 U - the ring "Hillil" (left hand) {rF+ EV+5}
   (You acquired it on level 15 of the Dungeon)

   [ring of evasion]

   EV:        It affects your evasion (+5).
   rF:        It protects you from fire.
 Y - an amulet of reflection (around neck)
   (You found it on level 2 of the Lair of Beasts)
Wands
 n - a wand of polymorph (5)
   (You found it on level 1 of the Elven Halls)
 u - a wand of paralysis (18)
   (You found it on level 7 of the Dungeon)
 x - a wand of acid (1)
   (You found it on level 2 of the Elven Halls)
 A - a wand of roots (13)
   (You found it on level 6 of the Dungeon)
 D - a wand of digging (6)
   (You found it on level 8 of the Dungeon)
 E - a wand of mindburst (10)
   (You found it on level 11 of the Dungeon)
Scrolls
 i - 5 scrolls of identify {@r1}
 k - 4 scrolls of fear
 p - 5 scrolls of blinking
 t - 13 scrolls of teleportation {@r4}
 z - 4 scrolls of magic mapping
 H - a scroll of poison {!r}
 I - 4 scrolls of brand weapon
 M - 2 scrolls of fog
 O - 5 scrolls of immolation {!r}
 T - a scroll of silence
Potions
 c - 6 potions of cancellation
 e - 9 potions of flight
 f - 3 potions of lignification {!q}
 g - 5 potions of attraction {!q}
 l - 3 potions of invisibility
 m - 8 potions of heal wounds {@q2}
 o - 5 potions of might
 s - 6 potions of mutation {!q}
 y - 5 potions of haste {@q3}
 B - 3 potions of resistance
 N - 12 potions of curing {@q1}
Miscellaneous
 h - a box of beasts
   (You found it on level 2 of the Lair of Beasts)
 r - a condenser vane
   (You found it on level 14 of the Dungeon)
 v - a phial of floods
   (You found it on level 4 of the Dungeon)
 V - a tin of tremorstones (2/2)
   (You found it on level 10 of the Dungeon)


   Skills:
 + Level 15.2 Fighting
 * Level 20.8 Axes
 * Level 17.6 Ranged Weapons
 + Level 6.9 Armour
 + Level 6.3 Dodging
 + Level 4.8 Stealth
 - Level 10.0 Evocations


You had 15 spell levels left.
You didn't know any spells.
Your spell library was empty.

Dungeon Overview and Level Annotations

Branches:
Dungeon (15/15)            Temple (0/1) D:4            Lair (5/5) D:9
 Shoals (0/4) Lair:2        Snake (0/4) Lair:3        Slime (0/5) Lair:4
    Orc (2/2) D:12            Elf (2/3) Orc:2        Vaults (0/5) D:13
 Depths (0/4) D:15        Ossuary (visited)         Gauntlet (visited)

Altars:
Cheibriados
Dithmenos
Fedhas
Hepliaklqana
Nemelex Xobeh
Okawaru
Sif Muna
Trog
Wu Jian
Xom
Yredelemnul
Zin
Jiyva

Shops:
D:10 (   D:11 *   Orc:1 !   Orc:2 *([*:


Innate Abilities, Weirdness & Mutations

You have a pair of horns on your head.
You reflexively headbutt those who attack you in melee.


Message History

The bolt closely misses the fire elemental.
The bolt misses the +2 glaive of flaming.
You block the fire elemental's attack.
The +2 glaive of flaming is engulfed in blazing flames.
The fire elemental barely misses you.
The +2 glaive of flaming is engulfed in blazing flames.
The +2 glaive of flaming hits you but does no damage.
You shoot a bolt. The bolt hits the fire elemental!!!
You destroy the fire elemental!
Trog accepts your kill.
The +2 glaive of flaming hits you from afar!
The +2 glaive of flaming burns you.
The +2 glaive of flaming hits you from afar!
The +2 glaive of flaming burns you.
The +1 triple crossbow of the Screaming Saviour {elec, Will+ Dex+6 Stlth+} stops crackling.
a - a +0 heavy broad axe (weapon)
The +2 glaive of flaming hits you from afar!!
The +2 glaive of flaming burns you.
You are too injured to fight recklessly!
You are too injured to fight recklessly!
The +2 glaive of flaming hits you!!
* * * LOW HITPOINT WARNING * * *
The +2 glaive of flaming burns you.
* * * LOW HITPOINT WARNING * * *
You closely miss the +2 glaive of flaming.
Your headbutt misses the +2 glaive of flaming.
The +2 glaive of flaming hits you.
* * * LOW HITPOINT WARNING * * *
You slice the +2 glaive of flaming!!
Your headbutt misses the +2 glaive of flaming.
The +2 glaive of flaming hits you.
* * * LOW HITPOINT WARNING * * *
You hit the +2 glaive of flaming but do no damage.
Your headbutt misses the +2 glaive of flaming.
The +2 glaive of flaming hits you.
* * * LOW HITPOINT WARNING * * *
You hit the +2 glaive of flaming but do no damage.
Your punch misses the +2 glaive of flaming.
The +2 glaive of flaming hits you!!
* * * LOW HITPOINT WARNING * * *
The +2 glaive of flaming burns you.
* * * LOW HITPOINT WARNING * * *
The +2 glaive of flaming hits you!
* * * LOW HITPOINT WARNING * * *
The +2 glaive of flaming burns you.
* * * LOW HITPOINT WARNING * * *
You miss the +2 glaive of flaming.
Your headbutt misses the +2 glaive of flaming.
The +2 glaive of flaming hits you!!
You die...

###########
#......!..#
#?........#
.########..?.<..##
....>.(@'.......#
#+########.....##
#....)+ ##...'##
#...#.## ##.###.##
#.# ##.### ##
##'.# ##.#+


You could see a +2 glaive of flaming.

Vanquished Creatures
  Frances (Elf:1)
  An orc warlord (Orc:2)
  2 deep elf demonologists
  Azrael (Elf:1)
  Snorg (D:11)
  A minotaur (Gauntlet)
  An entropy weaver (shapeshifter) (D:14)
  4 vault guards
  7 hydras
  A great orb of eyes (D:12)
  3 catoblepae
  An ogre mage (D:15)
  A merfolk avatar (Lair:5)
  Erica (D:10)
  6 centaur warriors
  5 boulder beetles
  4 dancing weapons (Elf:1)
  4 tengu warriors
  The ghost of bande the Cleaver, a journeyman GrFi of Okawaru (D:9)
  8 two-headed ogres
  12 death yaks
  4 orc high priests (Orc:2)
  The ghost of Cancer the Zephyrmancer, a journeyman TeAE of Vehumet (D:10)
  Nergalle (D:10)
  Sonja (D:12)
  A soul eater (Gauntlet)
  A hell knight (D:15)
  3 deep elf knights (Elf:1)
  5 skeletal warriors
  2 sea snakes (Lair:5)
  An obsidian statue (Gauntlet)
  Pikel (D:8)
  2 deep trolls (D:15)
  A harpy (Lair:5)
  A wolf spider zombie (D:12)
  2 wizards
  14 deep elf pyromancers
  4 orc knights (Orc:2)
  5 deep elf zephyrmancers
  A harpy (shapeshifter) (D:15)
  2 deep elf archers (Elf:1)
  17 ugly things
  3 orc sorcerers (Orc:2)
  A wolf spider (D:15)
  The ghost of wormed the Ducker, a novice OpCj of Gozag (D:7)
  2 cyclopes
  17 elephants
  4 manticores
  An apocalypse crab (Gauntlet)
  7 black mambas
  12 cane toads
  4 torpor snails
  Maggie (D:8)
  A kobold demonologist (D:12)
  6 rime drakes
  An unseen horror (D:11)
  13 komodo dragons
  A tengu conjurer (D:15)
  A troll (shapeshifter) (Elf:2)
  2 hornets (Lair:4)
  6 polar bears
  8 trolls
  A snapping turtle (shapeshifter) (D:15)
  3 wind drakes
  11 dream sheep
  15 blink frogs
  A meliai zombie (D:12)
  2 snapping turtles (Lair:5)
  A jumping spider (shapeshifter) (Elf:1)
  4 vampires
  A centaur simulacrum (D:14)
  4 slime creatures
  4 shadows (D:12)
  10 wraiths
  2 water elementals
  3 wyverns
  4 basilisks
  30 yaks
  5 fire elementals
  4 steam dragons
  2 neqoxecs (D:10)
  3 nagas (Lair:3)
  3 vampire mosquitoes (D:13)
  A redback simulacrum (D:14)
  A warg (Orc:2)
  7 water moccasins
  2 acid dragons
  4 hell hounds (Elf:1)
  31 orc warriors
  2 black bears
  A sky beast (D:8)
  3 ice beasts
  11 ogres
  10 centaurs
  11 wolves
  2 lemures (D:8)
  An elf zombie (Ossuary)
  7 kobold brigands
  9 bullfrogs
  7 gnoll sergeants
  4 scorpions
  4 necrophages
  3 earth elementals
  10 wights
  4 killer bees
  8 electric eels
  5 centaur zombies
  9 howler monkeys
  A bullfrog zombie (D:7)
  3 hounds
  A gnoll bouda (D:10)
  8 jellies
  2 quasits (D:10)
  16 orc priests
  A wyvern simulacrum (D:9)
  4 iguanas
  22 orc wizards
  6 hell rats (Lair:5)
  3 ogre zombies (Ossuary)
  7 mummies (Ossuary)
  24 gnolls
  2 adders (D:4)
  5 shadow imps
  3 white imps
  3 adder zombies (Ossuary)
  3 dart slugs
  65 orcs
  9 ball pythons
  2 bats
  9 endoplasms
  5 goblins
  8 hobgoblins
  2 jackals (D:1)
  4 quokkas
  2 frilled lizards
  7 goblin zombies (Ossuary)
  3 hobgoblin zombies (Ossuary)
  21 kobolds
  4 kobold zombies (Ossuary)
  4 quokka zombies (Ossuary)
  2 rats
  3 rat zombies (Ossuary)
762 creatures vanquished.

Vanquished Creatures (others)
  A hell hound (Elf:1)
  32 fungi
  63 plants
  2 withered plants (D:12)
98 creatures vanquished.

Grand Total: 860 creatures vanquished

Notes
Turn   | Place    | Note
-------+----------+-------------------------------------------
     0 | D:1      | Pooter the Minotaur Berserker began the quest for the Orb.
     0 | D:1      | Reached XP level 1. HP: 19/19 MP: 0/0
   139 | D:1      | Reached skill level 4 in Axes
   182 | D:1      | Reached XP level 2. HP: 23/27 MP: 1/1
   899 | D:2      | Reached XP level 3. HP: 32/33 MP: 2/2
   949 | D:2      | Reached ** piety under Trog
  1492 | D:3      | Reached skill level 5 in Axes
  1709 | D:3      | Reached XP level 4. HP: 28/41 MP: 3/3
  1711 | D:3      | Reached skill level 6 in Axes
  1713 | D:3      | Reached XP level 5. HP: 34/47 MP: 2/4
  2004 | D:3      | Identified the amulet "Zyecinwi" {Faith *Slow +Blink rElec
                  | rC+}
  2347 | D:4      | Reached skill level 5 in Fighting
  2395 | D:4      | Found a hazy altar of Hepliaklqana.
  2483 | D:4      | Found a staircase to the Ecumenical Temple.
  2492 | D:4      | Noticed an ogre
  2504 | D:4      | Killed an ogre
  2505 | D:4      | Reached skill level 7 in Axes
  2505 | D:4      | Reached XP level 6. HP: 57/57 MP: 5/5
  3153 | D:4      | Found a shadowy altar of Dithmenos.
  3193 | D:4      | Found a large runed translucent door.
  3193 | D:4      | Found a large runed translucent door.
  3393 | D:4      | Found a blossoming altar of Fedhas.
  3397 | D:4      | Reached skill level 1 in Evocations
  3397 | D:4      | Reached XP level 7. HP: 55/63 MP: 6/6
  3400 | D:4      | Found a bloodstained altar of Trog.
  3465 | D:5      | Entered Level 5 of the Dungeon
  3472 | D:5      | Reached skill level 8 in Axes
  3516 | D:5      | Identified the +5 ring mail of Zibunn {Will+ Dex+9}
  3570 | D:5      | Reached *** piety under Trog
  3776 | D:5      | Reached skill level 9 in Axes
  3776 | D:5      | Reached skill level 1 in Ranged Weapons
  3928 | D:5      | Reached XP level 8. HP: 71/71 MP: 7/7
  4390 | D:6      | Found a snail-covered altar of Cheibriados.
  4456 | D:6      | Found a shimmering blue altar of Sif Muna.
  4703 | D:7      | Reached skill level 10 in Axes
  4741 | D:7      | Found a sand-covered staircase.
  4750 | Ossuary  | Entered an ossuary
  5201 | Ossuary  | Identified a scroll of acquirement
  5202 | Ossuary  | Acquired a +1 battleaxe of flaming
  5269 | D:7      | Reached XP level 9. HP: 76/81 MP: 8/8
  5424 | D:7      | Found a shimmering altar of Xom.
  5557 | D:7      | Reached skill level 5 in Ranged Weapons
  5671 | D:7      | Found a runed translucent gate.
  5671 | D:7      | Found a runed translucent gate.
  5671 | D:7      | Found a runed translucent gate.
  5671 | D:7      | Noticed wormed's ghost (novice OpCj)
  5675 | D:7      | Reached **** piety under Trog
  5687 | D:7      | Found a basalt altar of Yredelemnul.
  5706 | D:7      | Killed wormed's ghost
  6138 | D:7      | Found a sparkling altar of Nemelex Xobeh.
  6141 | D:7      | Reached skill level 11 in Axes
  6679 | D:8      | Reached XP level 10. HP: 87/90 MP: 9/9
  6778 | D:8      | Noticed Pikel
  6793 | D:8      | Killed Pikel
  6794 | D:8      | Reached skill level 12 in Axes
  6922 | D:8      | Reached skill level 5 in Evocations
  7070 | D:8      | Noticed Maggie
  7074 | D:8      | Killed Maggie
  7426 | D:8      | Upgraded the game from 0.30-a0-639-g3916f1956a to
                  | 0.30-a0-652-gcc886f7154
  7507 | D:9      | Found a transporter.
  7510 | D:9      | Noticed bande's ghost (journeyman GrFi)
  7540 | D:9      | Noticed a two-headed ogre
  7735 | D:9      | Found an ornate altar of the Wu Jian Council.
  7864 | D:9      | Noticed a manticore
  7874 | D:9      | Killed a manticore
  8183 | D:9      | Reached skill level 13 in Axes
  8337 | D:9      | Found a transporter.
  8372 | D:9      | Found a staircase to the Lair.
  8603 | D:10     | Entered Level 10 of the Dungeon
  8608 | D:10     | Found Ehuisiud's Antique Weapon Shoppe.
  8670 | D:10     | Found a transporter.
  8673 | D:10     | Noticed a centaur warrior
  8686 | D:10     | Killed a centaur warrior
  8708 | D:10     | Reached XP level 11. HP: 96/99 MP: 10/10
  8755 | D:10     | Noticed Nergalle
  8755 | D:10     | Noticed Erica
  8766 | D:10     | Killed Erica
  8770 | D:10     | Killed Nergalle
  8771 | D:10     | Reached skill level 10 in Fighting
  8851 | D:10     | Noticed Cancer's ghost (journeyman TeAE)
  8875 | D:10     | Noticed a centaur warrior
  8890 | D:10     | Killed a centaur warrior
  9196 | D:10     | Found a transporter.
  9357 | D:10     | Found an iron altar of Okawaru.
  9469 | Lair:1   | Entered Level 1 of the Lair of Beasts
  9619 | Lair:1   | Reached skill level 10 in Ranged Weapons
  9810 | Lair:1   | Identified the ring "Vilyschi Sorr" {Ice Dex+4}
  9857 | Lair:1   | Reached skill level 14 in Axes
 11581 | Lair:2   | Acquired the +1 triple crossbow of the Screaming Saviour
                  | {elec, Will+ Dex+6 Stlth+}
 11686 | Lair:2   | Reached XP level 12. HP: 77/108 MP: 11/11
 12045 | Lair:2   | Reached skill level 15 in Axes
 12055 | Lair:2   | Found a staircase to the Shoals.
 13284 | Lair:3   | Noticed a five-headed hydra
 13290 | Lair:3   | Killed a four-headed hydra
 13409 | Lair:3   | Noticed a four-headed hydra
 13412 | Lair:3   | Killed a four-headed hydra
 13671 | Lair:3   | Noticed an eight-headed hydra
 13677 | Lair:3   | Killed an eight-headed hydra
 13763 | Lair:3   | Noticed a catoblepas
 13771 | Lair:3   | Killed a catoblepas
 14001 | Lair:3   | Noticed a catoblepas
 14007 | Lair:3   | Killed a catoblepas
 14008 | Lair:3   | Reached skill level 16 in Axes
 14496 | Lair:3   | Found a staircase to the Snake Pit.
 15236 | Lair:4   | Noticed a catoblepas
 15242 | Lair:4   | Killed a catoblepas
 15343 | Lair:4   | Noticed a five-headed hydra
 15349 | Lair:4   | Killed a five-headed hydra
 15350 | Lair:4   | Reached XP level 13. HP: 118/118 MP: 12/12
 15435 | Lair:4   | Found a staircase to the Slime Pits.
 15640 | Lair:4   | Found a viscous altar of Jiyva.
 16114 | Lair:5   | Entered Level 5 of the Lair of Beasts
 16149 | Lair:5   | Reached skill level 17 in Axes
 17746 | Lair:5   | Reached XP level 14. HP: 114/129 MP: 13/13
 18115 | Lair:5   | Reached skill level 18 in Axes
 22576 | Lair:5   | Reached skill level 15 in Ranged Weapons
 24642 | D:11     | Noticed Snorg
 24645 | D:11     | Killed Snorg
 24851 | D:11     | Found Zin's Purification Station.
 24851 | D:11     | Found a glowing silver altar of Zin.
 25856 | D:12     | Reached skill level 19 in Axes
 25884 | D:12     | Reached ***** piety under Trog
 26136 | D:12     | Reached skill level 10 in Evocations
 26653 | D:12     | Found a staircase to the Orcish Mines.
 26727 | D:12     | Noticed Sonja
 26731 | D:12     | Killed Sonja
 26961 | Orc:1    | Entered Level 1 of the Orcish Mines
 26964 | Orc:1    | Reached skill level 1 in Stealth
 27710 | Orc:1    | Found a runed translucent door.
 28479 | Orc:2    | Entered Level 2 of the Orcish Mines
 29712 | Orc:2    | Reached XP level 15. HP: 138/138 MP: 14/14
 30208 | Orc:2    | Received a gift from Trog
 32092 | Orc:2    | Found Jedu's General Store.
 32093 | Orc:2    | Found Xousongi's Book Boutique.
 32096 | Orc:2    | Found Dubiesih's Antique Armour Shop.
 32096 | Orc:2    | Found Luus's Antique Weapon Shop.
 32101 | Orc:2    | Bought a potion of cancellation for 136 gold pieces
 32101 | Orc:2    | Bought a wand of roots (2) for 81 gold pieces
 32118 | Orc:2    | Bought a pair of embroidered boots for 247 gold pieces
 32545 | Orc:1    | Found Quak's Distillery.
 32556 | Orc:1    | Bought a potion of might for 72 gold pieces
 32556 | Orc:1    | Bought a potion of might for 72 gold pieces
 32556 | Orc:1    | Bought 2 potions of flight for 108 gold pieces
 32556 | Orc:1    | Bought a potion of haste for 180 gold pieces
 32898 | Orc:2    | Found a staircase to the Elven Halls.
 32960 | Orc:2    | Found Tynn's Assorted Antiques.
 32968 | Orc:2    | Bought a potion of heal wounds for 140 gold pieces
 32968 | Orc:2    | Bought a scroll of identify for 56 gold pieces
 34670 | D:13     | Found a gate to the Vaults.
 36236 | D:14     | Reached skill level 5 in Armour
 36391 | D:15     | Entered Level 15 of the Dungeon
 36407 | D:15     | Reached skill level 20 in Axes
 36463 | D:15     | Received a gift from Trog
 36500 | D:15     | Reached skill level 5 in Dodging
 36527 | D:15     | Acquired the ring "Hillil" {rF+ EV+5}
 36550 | D:15     | Found a gate leading to a gauntlet.
 36624 | Gauntlet | Entered a Gauntlet
 36624 | Gauntlet | Found a transporter.
 36634 | Gauntlet | Found a transporter.
 36636 | Gauntlet | Found a transporter.
 36655 | Gauntlet | Found a transporter.
 36671 | Gauntlet | Found a transporter.
 36677 | Gauntlet | Found a transporter.
 36677 | Gauntlet | Found a transporter.
 36690 | Gauntlet | Found a transporter.
 36690 | Gauntlet | Found a transporter.
 36697 | Gauntlet | Found a transporter.
 36703 | Gauntlet | Found a transporter.
 36703 | Gauntlet | Found a transporter.
 36704 | Gauntlet | Found a transporter.
 36861 | Gauntlet | Identified the ring of Kyidgh {Drain rC+ Will+ Int+7}
 36907 | Gauntlet | Found a transporter.
 36910 | Gauntlet | Identified the amulet of Xousot {Faith Int+4}
 36985 | D:15     | Found a staircase to the Depths.
 37005 | D:15     | Reached XP level 16. HP: 144/147 MP: 15/15
 37610 | D:9      | Killed bande's ghost
 37765 | D:10     | Killed Cancer's ghost
 37927 | Elf:1    | Entered Level 1 of the Elven Halls
 38115 | Elf:1    | Reached skill level 15 in Fighting
 38921 | Elf:1    | Noticed Azrael
 38931 | Elf:1    | Killed Azrael
 39241 | Elf:1    | Noticed Frances
 39250 | Elf:1    | Killed Frances
 39639 | Elf:2    | Noticed a Brimstone Fiend
 39671 | Elf:2    | Demolished by a +2 glaive of flaming

Illustrated notes

Levels and vault maps discovered:
D:1:      nzn_arrival_settlement, layout_loops_ring
D:2:      layout_loops_ring
D:3:      layout_basic
D:4:      mumra_celtic_spiral_tile, layout_cave_pools,
          nicolae_hepliaklqana_hazy_memory,
          nicolae_dithmenos_through_a_glass_darkly, jmf_multi_god_temple2,
          temple_doors_e, minmay_checkerbox
D:5:      layout_rooms
D:6:      layout_basic, old_standard_altar, mainiacjoe_overflow_alcove_2
D:7:      layout_loops_ring, kennysheep_little_box,
          nicolae_yredelemnul_ghost_church, xom_teletrap_fun,
          nicolae_ossuary_entry_ruins
D:8:      cheibrodos_barr_body, layout_loops_corners, minmay_fractal_squares_5,
          uniq_maggie, uniq_pikel
D:9:      minmay_recursive_quarters, layout_basic, nzn_wu_jian_council_hall,
          nzn_ghost_randoct
D:10:     layout_rooms, kennysheep_mini_moat, serial_shops, shop,
          gammafunk_ghost_stat_death, nrook_mini_vaults, minmay_variable_closet,
          uniq_nergalle, uniq_erica
D:11:     layout_irregular_city, zin_purify, uniq_snorg
D:12:     layout_loops_ring, kennysheep_orc_monster_closet_entryway,
          serial_undead, serial_undead_a, serial_undead_b, serial_undead_a,
          serial_undead_e, small_chamber_with_monster, uniq_sonja
D:13:     layout_basic, lightli_vaults_fourway_checkpoint
D:14:     layout_roguey
D:15:     hangedman_depths_entry_civil_slaughter, layout_rooms,
          serial_bayou_pond_a, gauntlet_entry_generic
Lair:1:   layout_misc_corridors, chequers_serial_rivers_micro_a,
          infiniplex_staircase_pool, grunt_megastairs_1
Lair:2:   layout_chaotic_city, minmay_shoals_entry_beasts
Lair:3:   nzn_winding_woodlands_medium [nzn_winding_woodlands_5x5_cross,
          nzn_winding_woodlands_5x15_sidewinder,
          nzn_winding_woodlands_5x5_three,
          nzn_winding_woodlands_5x5_closed_star,
          nzn_winding_woodlands_center_pierced_h,
          nzn_winding_woodlands_hourglass, nzn_winding_woodlands_5x5_open_star,
          nzn_winding_woodlands_5x15_eye, nzn_winding_woodlands_5x5_default],
          layout_gridlike, guppyfry_snake_entry_garden, fungi_pond_lemuel,
          serial_bayou_shore_a
Lair:4:   layout_gridlike, nicolae_slime_entry_field_trip,
          infiniplex_staircase_pool_2
Lair:5:   gammafunk_lair_ancient_temple, layout_gridlike, serial_bayou_shore_b,
          grunt_megastairs_2, lemuel_fruit_tree
Orc:1:    layout_caves, serial_shops, nicolae_lakefront_shop,
          lightli_church_of_beogh
Orc:2:    st_orc_congregation, layout_diamond_mine, serial_shops,
          nicolae_shop_advertising_works [nicolae_subvault_shop_adworks]
Elf:1:    nicolae_elf_arrival_fired_up, layout_onion_city, uniq_frances,
          uniq_azrael
Elf:2:    nicolae_elf_blades_crystal_corner, layout_geoelf_octagon

Skill      XL: |  1  2  3  4  5  6  7  8  9 10 11 12 13 14 15 16 |
---------------+-------------------------------------------------+-----
Axes           | 4 5 6 7 9 10 11 13 14 16 17 19 20 | 20.8
Fighting       | 4 5 6 7 8 9 10 12 13 14 15 | 15.2
Evocations     | 1 2 3 4 5 7 8 9 10 | 10.0
Ranged Weapons | 1 4 7 9 11 12 14 16 17 | 17.6
Stealth        | 1 3 4 |  4.8
Armour         | 3 5 6 |  6.9
Dodging        | 5 6 |  6.3

Action                   |  1- 3 |  4- 6 |  7- 9 | 10-12 | 13-15 | 16-18 || total
-------------------------+-------+-------+-------+-------+-------+-------++-------
Melee: Hand axe          |    25 |       |       |       |       |       ||    25
       Headbutt          |    11 |     4 |    41 |    53 |    92 |    17 ||   218
       War axe           |    37 |    39 |   158 |   102 |       |       ||   336
       Battleaxe         |       |       |    26 |   127 |   207 |       ||   360
       Punch             |       |       |     1 |     3 |     2 |     1 ||     7
       Spear             |       |       |     9 |       |       |       ||     9
       Broad axe         |       |       |       |       |   154 |   114 ||   268
 Fire: Shortbow          |       |       |    37 |    27 |       |       ||    64
       Longbow           |       |       |       |    53 |       |       ||    53
       Triple crossbow   |       |       |       |    91 |   593 |   102 ||   786
Throw: Stone             |     1 |     6 |       |       |       |       ||     7
       Dart              |       |     3 |     9 |     9 |     7 |       ||    28
       Boomerang         |       |       |       |       |       |     4 ||     4
Invok: Berserk           |     2 |     2 |     6 |    10 |    14 |     4 ||    38
       Trog's Hand       |     1 |     1 |     4 |     8 |    17 |     5 ||    36
Evoke: Wand              |       |       |       |     7 |     8 |     3 ||    18
       Phial of floods   |       |       |       |     1 |     1 |       ||     2
       Tin of tremorston |       |       |       |     1 |     2 |     1 ||     4
  Use: Scroll            |     5 |     3 |    11 |     7 |    15 |     5 ||    46
       Potion            |       |       |       |       |     1 |     3 ||     4
 Stab: Distracted        |       |       |     3 |     4 |       |       ||     7
       Sleeping          |       |       |     1 |       |       |       ||     1
       Paralysed         |       |       |       |     3 |       |       ||     3
Armor: Animal skin       |     7 |     1 |       |       |       |       ||     8
       Scale mail        |       |     7 |       |       |       |       ||     7
       Ring mail         |       |       |    59 |    82 |   137 |       ||   278
       Plate armour      |       |       |       |       |   113 |   102 ||   215
Dodge: Dodged            |    41 |    16 |    82 |   179 |   283 |   118 ||   719
Block: Other             |       |       |       |    24 |   123 |     6 ||   153
       Reflection        |       |       |       |       |    10 |       ||    10

Table legend: (Time is in decaauts)
 A = Elapsed time spent in this place.
 B = Non-inter-level travel time spent in this place.
 C = Inter-level travel time spent in this place.
 D = Time resting spent in this place.
 E = Time spent auto-exploring this place.
 F = Levels seen in this place.
 G = Mean time per level.
                   A        B        C        D        E       F      G
               +--------+--------+--------+--------+--------+-----+--------+
         Total |  40592 |  39452 |   1140 |  20972 |  13133 |  26 | 1561.2 |
       Dungeon |  16610 |  15918 |    692 |   5032 |   8281 |  15 | 1107.3 |
          Lair |  15019 |  14786 |    233 |  10469 |   3089 |   5 | 3003.8 |
  Orcish Mines |   6323 |   6152 |    171 |   4735 |    770 |   2 | 3161.5 |
   Elven Halls |   1821 |   1778 |     43 |    443 |    954 |   2 |  910.5 |
       Ossuary |    482 |    482 |      0 |    102 |     38 |   1 |  482.0 |
      Gauntlet |    334 |    334 |      0 |    189 |      0 |   1 |  334.0 |
               +--------+--------+--------+--------+--------+-----+--------+

Top non-repeatable levels by time:
  Lair:5: 7473 daAuts
   Orc:2: 4384 daAuts
  Lair:3: 2640 daAuts
    D:12: 2551 daAuts
  Lair:4: 2009 daAuts
   Orc:1: 1939 daAuts
    D:13: 1684 daAuts
   Elf:1: 1684 daAuts
  Lair:2: 1682 daAuts
     D:9: 1506 daAuts
     D:8: 1289 daAuts
  Lair:1: 1215 daAuts
     D:4: 1154 daAuts
    D:11: 1101 daAuts
     D:7: 1025 daAuts
